 Dungeon Crawl Stone Soup version 0.29.1-15-g9cfb28693d (webtiles) character file.

Game seed: 6979769378855916920

257 Edyrem the Magician (level 6, -5/45 HPs)
             Began as a Djinni Hedge Wizard on Apr 11, 2023.
             Slain by zeram's ghost (10 damage)
             ... on level 3 of the Dungeon.
             The game lasted 00:20:51 (4861 turns).

Edyrem the Magician (Djinni Hedge Wizard)           Turns: 4861, Time: 00:20:51

Health: -5/45      AC: 10    Str: 17    XL:     6   Next: 39%
Gold:   145        EV: 11    Int: 25    God:
                   SH:  0    Dex: 12

rFire   + + .      SeeInvis .   r - +5 club
rCold   x . .      Faith    .   (no shield)
rNeg    . . .      Spirit   .   w - +2 ring mail "Eluck" {+Blink rF- Int+9}
rPois   ∞          Reflect  .   y - -1 helmet of Zaet {rF+ rCorr Str+6}
rElec   .          Harm     .   (no cloak)
rCorr   +          Rampage  .   g - +2 pair of gloves
Will    +....                   (boots unavailable)
Stlth   +.........              (no amulet)
HPRegen 0.15/turn               e - ring of resist corrosion
MPRegen 0.00/turn               n - ring of willpower

@: flying
A: sickness immunity, fire resistance 2, cold vulnerability 1, float, innate
caster, HP casting, extra vitality 1
a: Evoke Blink


You were on level 3 of the Dungeon.
You visited 1 branch of the dungeon, and saw 3 of its levels.

You collected 145 gold pieces.

Inventory:

Hand Weapons
 a - a +0 dagger
 r - a +5 club (weapon)
Missiles
 d - 51 stones
 B - 2 throwing nets
Armour
 b - a +0 robe
 c - a +1 hat
 g - a +2 pair of gloves (worn)
 s - a +0 helmet
 u - a +0 robe
 w - the +2 ring mail "Eluck" (worn) {+Blink rF- Int+9}
   (You found it on level 2 of the Dungeon)

   Int:       It affects your intelligence (+9).
   rF:        It makes you vulnerable to fire.
   +Blink:    It lets you blink.
 y - the -1 helmet of Zaet (worn) {rF+ rCorr Str+6}
   (You found it on level 2 of the Dungeon)

   Str:       It affects your strength (+6).
   rF:        It protects you from fire.
   rCorr:     It protects you from acid and corrosion.
Jewellery
 e - a ring of resist corrosion (left hand)
 n - a ring of willpower (right hand)
 z - a ring of ice
Scrolls
 f - 2 scrolls of enchant armour
 h - 2 scrolls of identify {@r1}
 j - 2 scrolls of teleportation {unknown}
 m - 2 scrolls of amnesia {unknown}
 o - a scroll of poison {unknown}
 p - 2 scrolls of enchant weapon {unknown}
 q - a scroll of blinking {unknown}
 v - 3 scrolls of silence {unknown}
 x - a scroll of vulnerability {unknown}
 A - a scroll of immolation {unknown}
 C - a scroll of torment {unknown}
Potions
 i - a potion of might {unknown}
 k - a potion of berserk rage {unknown}
 l - a potion of brilliance
 t - a potion of cancellation {unknown}


   Skills:
 + Level 2.6 Fighting
 + Level 1.1 Armour
 - Level 3.4 Dodging
 - Level 1.5 Stealth
 * Level 4.0 Spellcasting


You couldn't memorise any spells.
You knew the following spells:

 Your Spells              Type           Power      Damage    Failure   Level
a - Magic Dart            Conj           100%       1d8       3%          1
b - Blink                 Tloc           50%        N/A       4%          2
c - Call Imp              Summ           25%        N/A       4%          2
d - Slow                  Hex            100%       N/A       3%          1
e - Conjure Flame         Conj/Fire      25%        6-21      10%         3
f - Mephitic Cloud        Conj/Pois/Air  25%        N/A       10%         3
g - Shock                 Conj/Air       100%       1d9       3%          1
h - Poisonous Vapours     Pois/Air       50%        N/A       4%          2
Your spell library was empty.

Dungeon Overview and Level Annotations

Branches:
Dungeon (3/15)

Altars:

Shops:
D:1 [

Annotations:
D:3 zeram's ghost, amateur HOFi


Innate Abilities, Weirdness & Mutations

You are immune to sickness and miasma.
You are immune to poison.
Your flesh is very heat resistant. (rF++)
You are vulnerable to cold. (rC-)
You float through the air rather than walking.
You learn spells naturally, not from books.
Your magical power is your life essence.
You have superior vitality. (+4 MHP)


Message History

The orc hits your white imp with a +0 hand axe.
Casting: Shock (safe; 3% risk of failure)
Confirm with . or Enter, or press ? or * to list all spells.
Aiming: Shock (safe; 3% risk of failure)
Press: ? - help, Shift-Dir - straight line The zap hits zeram's ghost!
Zeram's ghost is heavily damaged.
The zap hits zeram's ghost.
Zeram's ghost is heavily damaged.
Your white imp gestures at zeram's ghost.
The puff of frost hits the orc!
The orc dies!
Zeram's ghost misses you.
Casting: Shock (safe; 3% risk of failure)
Confirm with . or Enter, or press ? or * to list all spells.
Aiming: Shock (safe; 3% risk of failure)
Press: ? - help, Shift-Dir - straight line The zap hits zeram's ghost.
Zeram's ghost is severely damaged.
The zap hits zeram's ghost.
Zeram's ghost is severely damaged.
* * * LOW HITPOINT WARNING * * *
Your white imp gestures at zeram's ghost.
The puff of frost hits the orc!
The orc dies!
Zeram's ghost hits you!
* * * LOW HITPOINT WARNING * * *
Something hits your white imp.
Your white imp dies!
Your white imp disappears in a puff of smoke!
Casting: Shock (safe; 3% risk of failure)
Confirm with . or Enter, or press ? or * to list all spells.
Aiming: Shock (safe; 3% risk of failure)
Press: ? - help, Shift-Dir - straight line The zap hits zeram's ghost.
Zeram's ghost is almost destroyed.
The zap misses zeram's ghost.
* * * LOW HITPOINT WARNING * * *
Zeram's ghost hits you!
You die...

....#.........##.#.##...##.....#.
....##........#..#####.........#.
.....................'.........#.
....#.........#..#####...........
....#.#..........#..............#
....#.#.##.......#.######........
....#.#.#+.....#...8########.....
..#.#.#.##.....#....#.....8#.....
..#.#.#...#.#...@W..#..##..#.....
....#.###.#.#....#o§#..#8..#.....
#...#.###.#.#.##.#)§#..##..#.....
#...'.....#<..##.#.)#o#....#....#
#...#.#####..)##.#.o'.#...[####.#
#...#.#.#####.##....'.#.8._ #.#
#...#.#.......##.#..'.#.... #.#
....#.......####.#..#.#.... #.#
....#.#.###.# #....#..##.. #.#


You could see zeram's ghost and 2 orcs.

Vanquished Creatures
  An orc priest (D:3)
  Jessica (D:2)
  Robin (D:2)
  3 gnolls (D:3)
  4 adders
  5 worms
  A dart slug (D:3)
  3 orcs (D:3)
  5 ball pythons
  5 endoplasms
  4 giant cockroaches
  16 goblins
  9 hobgoblins
  11 jackals
  5 quokkas
  7 bats
  5 frilled lizards
  3 kobolds
  7 rats
96 creatures vanquished.

Vanquished Creatures (collateral kills)
  3 orcs (D:3)
3 creatures vanquished.

Grand Total: 99 creatures vanquished

Notes
Turn   | Place    | Note
-------+----------+-------------------------------------------
     0 | D:1      | Edyrem the Djinni Hedge Wizard began the quest for the Orb.
     0 | D:1      | Edyrem set off with the following spells memorised: Magic
                  | Dart, Blink, Call Imp, Slow, Conjure Flame, Mephitic Cloud.
     0 | D:1      | Reached XP level 1. HP: 15/15 MP: 0/0
   226 | D:1      | Reached XP level 2. HP: 15/22 MP: 0/0
   428 | D:1      | Found Hecver's Armour Shop.
   767 | D:1      | Reached XP level 3. HP: 22/26 MP: 0/0
   767 | D:1      | Learned a level 1 spell: Shock
   879 | D:1      | Reached skill level 1 in Fighting
  1407 | D:1      | Reached skill level 3 in Spellcasting
  1907 | D:2      | Reached XP level 4. HP: 21/32 MP: 0/0
  1908 | D:2      | Noticed Robin
  2004 | D:2      | Killed Robin
  2338 | D:2      | Noticed Jessica
  2353 | D:2      | Killed Jessica
  2354 | D:2      | Reached XP level 5. HP: 16/38 MP: 0/0
  2354 | D:2      | Learned a level 2 spell: Poisonous Vapours
  2591 | D:2      | Identified the +2 ring mail "Eluck" {+Blink rF- Int+9}
  3166 | D:2      | Identified the -1 helmet of Zaet {rF+ rCorr Str+6}
  3679 | D:3      | Found a runed translucent gate.
  3679 | D:3      | Found a runed translucent gate.
  3679 | D:3      | Found a runed translucent gate.
  3679 | D:3      | Noticed zeram's ghost (amateur HOFi)
  3729 | D:3      | Identified the +9 dagger of False Hope {venom, rElec Int+3
                  | SInv}
  3729 | D:3      | Identified the +1 chain mail of Words of Power {Int+4 Dex+7
                  | SInv}
  4197 | D:3      | Reached XP level 6. HP: 33/44 MP: 0/0
  4856 | D:3      | Reached skill level 1 in Armour
  4856 | D:3      | Reached skill level 4 in Spellcasting
  4861 | D:3      | Slain by zeram's ghost

Illustrated notes

Levels and vault maps discovered:
D:1:      dpeg_arrival_morbid_curiosity, layout_basic, serial_shops,
          nicolae_shop_advertising_works [nicolae_subvault_shop_adworks]
D:2:      layout_loops_cross, minmay_tetromino_s2, uniq_jessica, uniq_robin
D:3:      layout_basic, mainiacjoe_overflow_cross_hatched,
          biasface_ghost_orc_armoury, grunt_ministairs_7

Skill      XL: |  1  2  3  4  5  6 |
---------------+-------------------+-----
Fighting       | 1 2 |  2.6
Spellcasting   | 3 4 |  4.0
Dodging        | 3 |  3.4
Armour         | 1 |  1.1
Stealth        | |  1.5

Action                   |  1- 3 |  4- 6 || total
-------------------------+-------+-------++-------
Melee: Dagger            |     3 |       ||     3
       Club              |       |    12 ||    12
 Cast: Magic Dart        |    69 |    93 ||   162
       Shock             |    17 |    41 ||    58
       Poisonous Vapours |       |     1 ||     1
       Call Imp          |       |     1 ||     1
  Use: Scroll            |       |     2 ||     2
Armor: Robe              |     6 |     4 ||    10
       Ring mail         |       |    13 ||    13
Dodge: Dodged            |    13 |    34 ||    47
